 Dungeon Sprint DCSS version 0.23.2-1-ga50397a (webtiles) character file.

Game seed: 8920506360566651228

0 esteth the Charmwright (level 1, -14/20 HPs)
             Began as a Gnoll Skald on Apr 21, 2019.
             Was an Initiate of Qazlal.
             Killed from afar by a deep elf knight (34 damage)
             ... with a stone arrow
             ... in the Dungeon (Sprint V: "Ziggurat Sprint").
             The game lasted 00:01:28 (128 turns).

esteth the Charmwright (Gnoll Skald)                 Turns: 128, Time: 00:01:29

Health: -14/20     AC: 26    Str: 25    XL:     1   Next: 0%
Magic:  6/6        EV:  1    Int: 15    God:    Qazlal [......]
Gold:   0          SH: 26    Dex: 14    Spells: 8/9 levels left

rFire    . . .     SeeInvis .   l - +5 demon trident
rCold    . . .     Gourm    .   J - +18 shield of the Gong {rElec rN+ MR+ EV-5}
rNeg     + . .     Faith    .   I - +15 Maxwell's patent armour {-Cast -Tele rElec MR+ rCorr}
rPois    .         Spirit   .   (no helmet)
rElec    +         Reflect  .   (no cloak)
rCorr    +         Harm     .   (no gloves)
MR       ++...     NoTele   +   (no boots) Stlth ..........NoCast +
                                (no amulet)
HPRegen  0.06/turn              r - +6 ring of strength
MPRegen  0.10/turn              q - +6 ring of strength

@: no status effects
A: distributed training, fangs 1, strong nose
a: Renounce Religion


You were in the Dungeon.
You worshipped Qazlal.
Qazlal was noncommittal.
You were not hungry.

You visited 1 branch

Inventory:

Hand Weapons
 a - a +0 hand axe
 l - a +5 demon trident (weapon)
Armour
 b - a +0 leather armour
 c - a +3 shield
 k - +5 gold dragon scales
 y - +5 shadow dragon scales
 I - the +15 Maxwell's patent armour (worn) {-Cast -Tele rElec MR+ rCorr}
   (You found it in the Dungeon)

   It insulates you from electricity.
   It affects your resistance to hostile enchantments.
   It prevents spellcasting.
   It prevents most forms of teleportation.
   It provides partial protection from all sources of acid and corrosion.
 J - the +18 shield of the Gong (worn) {rElec rN+ MR+ EV-5}
   (You found it in the Dungeon)

   It affects your evasion (-5).
   It insulates you from electricity.
   It protects you from negative energy.
   It affects your resistance to hostile enchantments.
Jewellery
 m - a +6 ring of dexterity
 n - a +6 ring of dexterity
 o - a +6 ring of intelligence
 p - a +6 ring of intelligence
 q - a +6 ring of strength (right hand)
 r - a +6 ring of strength (left hand)
Wands
 s - a wand of disintegration (7)
 t - a wand of iceblast (7)
 u - a wand of acid (7)
Scrolls
 j - 4 scrolls of blinking
 C - 4 scrolls of amnesia
 D - 7 scrolls of fog
 E - a scroll of holy word
 F - 5 scrolls of identify
 G - 5 scrolls of remove curse
 H - 2 scrolls of fear
Potions
 e - 10 potions of curing
 f - 10 potions of heal wounds
 g - 6 potions of haste
 h - 7 potions of magic
 i - 3 potions of berserk rage
 v - 2 potions of brilliance
 w - 2 potions of invisibility
 x - 4 potions of resistance
 z - a potion of experience
 A - 5 potions of agility
 B - 5 potions of might
Comestibles
 d - 7 rations


   Skills:
 + Level 4.4 Fighting
 + Level 0.0 Short Blades
 + Level 0.0 Long Blades
 + Level 4.4 Axes
 + Level 0.0 Maces & Flails
 + Level 0.0 Polearms
 + Level 0.0 Staves
 + Level 0.0 Slings
 + Level 0.0 Bows
 + Level 0.0 Crossbows
 + Level 0.0 Throwing
 + Level 2.3 Armour
 + Level 4.4 Dodging
 + Level 0.0 Stealth
 + Level 0.0 Shields
 + Level 0.0 Unarmed Combat
 + Level 4.8 Spellcasting
 + Level 0.0 Conjurations
 + Level 0.0 Hexes
 + Level 5.3 Charms
 + Level 0.0 Summonings
 + Level 0.0 Necromancy
 + Level 0.0 Translocations
 + Level 0.0 Transmutations
 + Level 0.0 Fire Magic
 + Level 0.0 Ice Magic
 + Level 0.0 Air Magic
 + Level 0.0 Earth Magic
 + Level 0.0 Poison Magic
 + Level 0.0 Invocations
 + Level 0.0 Evocations


You had 8 spell levels left.
You knew the following spells:

 Your Spells              Type           Power        Failure   Level  Hunger
a - Infusion              Chrm           ###.         92%         1    None

Your spell library contained the following spells:

 Spells                   Type           Power        Failure   Level  Hunger
 Song of Slaying          Chrm           ###.....     98%         2    ##.....
 Shroud of Golubria       Chrm/Tloc      ##........   100%        2    ##.....
 Regeneration             Chrm/Necr      ##........   100%        3    ###....
 Spectral Weapon          Hex/Chrm       ##......     100%        3    ###....


Dungeon Overview and Level Annotations

Branches:
Dungeon (1/1)

Altars:
Ashenzari
Cheibriados
Dithmenos
Elyvilon
Fedhas
Gozag
Hepliaklqana
Kikubaaqudgha
Makhleb
Nemelex Xobeh
Okawaru
Qazlal
Ru
Sif Muna
Trog
Uskayaw
Vehumet
Wu Jian
Xom
Yredelemnul
Zin
The Shining One
Beogh
Jiyva
Lugonu

Annotations:
D 1 transporter


Innate Abilities, Weirdness & Mutations

Your experience applies equally to all skills.
You have very sharp teeth.
Your uncanny sense of smell can sniff out nearby items.


Message History

2 deep elf knights come into view.
The deep elf knight shouts!
The deep elf knight points at you and mumbles some strange words.
You block the orb of energy.
BONNNG!
Found a +1 cloak of poison resistance and a +1 cloak of invisibility.
Found a transporter.
Attack whom?
Press: ? - help, Dir - move target cursor, f - deep elf knight
Aim: a deep elf knight, wielding a +0 short sword and wearing a +0 leather armour You reach to attack!
You miss the deep elf knight.
The deep elf knight mumbles some strange words.
The deep elf knight seems to speed up.
The deep elf knight casts a spell.
The deep elf knight flickers and vanishes!
Deactivating autopickup; reactivate with Ctrl-A.
The deep elf knight points at you and mumbles some strange words.
The stone arrow hits you!!
Ouch! That really hurt!
You die...

▓▓▓▓▓▓▓
▓.8©8.▓
∆∆∆
▓.....▓
▓.[.e.▓
▓.....▓
▓..{..▓
▓..@..▓
▓▓▓▓▓▓▓
∆∆∆ ∆ ∆


You could see a deep elf knight.

Vanquished Creatures (others)
  A spatial maelstrom (D)
1 creature vanquished.

Notes
Turn   | Place    | Note
-------+----------+-------------------------------------------
     0 | D        | Found the +6 Majin-Bo {vamp, Archmagi MP+6 Int+6}
     0 | D        | Found the +7 great mace "Firestarter" {inner flame, rF++}
     0 | D        | esteth the Gnoll Skald began the quest for the Orb.
     0 | D        | Reached XP level 1. HP: 20/20 MP: 6/6
     1 | D        | Banished a spatial maelstrom
     2 | D        | Found a blossoming altar of Fedhas.
    22 | D        | Found a viscous altar of Jiyva.
    22 | D        | Found a hazy altar of Hepliaklqana.
    22 | D        | Found a transporter.
    22 | D        | Found an opulent altar of Gozag.
    22 | D        | Found an ancient bone altar of Kikubaaqudgha.
    22 | D        | Found a corrupted altar of Lugonu.
    30 | D        | Found a burning altar of Makhleb.
    31 | D        | Found a stormy altar of Qazlal.
    31 | D        | Found a sacrificial altar of Ru.
    31 | D        | Found an iron altar of Okawaru.
    31 | D        | Found a deep blue altar of Sif Muna.
    31 | D        | Found a sparkling altar of Nemelex Xobeh.
    31 | D        | Found a bloodstained altar of Trog.
    82 | D        | Found the +9 heavy crossbow "Sniper" {velocity, Acc+∞ SInv}
    82 | D        | Found the +10 dark maul {crush}
    82 | D        | Found the +15 Maxwell's patent armour {-Cast -Tele rElec
                  | MR+ rCorr}
    82 | D        | Found the +18 shield of the Gong {rElec rN+ MR+ EV-5}
    82 | D        | Found the cursed +14 obsidian axe {chop, +Fly SInv *Curse}
    83 | D        | Found the +6 shillelagh "Devastator" {shatter}
    83 | D        | Found the +11 plutonium sword {*Contam Stlth-}
    83 | D        | Found the +8 lance "Wyrmbane" {slay drac, rPois rF+ rC+
                  | AC+3}
    83 | D        | Found the +9 sword of Zonguldrok {reap}
    83 | D        | Found the cursed +13 scythe of Curses {drain, *Curse}
    83 | D        | Found the +0 sword of Power
    83 | D        | Found the +7 mace of Variability {chain chaos}
    83 | D        | Found the +7 Singing Sword {slice, sonic wave}
    83 | D        | Found the +7 longbow "Piercer" {penet, EV-2}
   114 | D        | Became a worshipper of Qazlal Stormbringer
   127 | D        | Entered arena 2.
   127 | D        | Noticed a deep elf knight
   127 | D        | Noticed a deep elf knight
   127 | D        | Found a transporter.
   128 | D        | Killed from afar by a deep elf knight

Action                   || total
-------------------------++-------
Melee: Demon trident     ||     1
Block: Shield            ||     1
